AoeStats
← 没麦打尼玛CSGO(下等马户

Fortress

509037350Analyzed
4v4 RM · 6d ago on Sep 25, 2026· 34m 20s· 8 players
Game mode
Random Map
Map size
Huge
Population
200
Speed
Normal
Resources
Standard
Victory
Conquest
Starting age
Dark Age
Ending age
Imperial Age
RankedLock teamsTeams togetherTeam positionsShared explorationLock speedFull tech treeHidden civsTurbo modeCheats
Victory
Defeat
🇨🇳 Mongols · China
1284
+16
🇭🇰 Japanese · Hong Kong SAR China
1260
+17
🇨🇳 Britons · China
1194
+20
🇨🇳 Gurjaras · China
1358
-20
🇧🇷 Bohemians · Brazil
1303
-19
🇩🇪 Britons · Germany
1302
-19
🇨🇳 Varangians · China
1168
-13
lebron
7:03 Feudal Age
10:56 Castle Age
9:05 Double-Bit Axe
9:37 Gold Mining
9:40 Horse Collar
12:04 Bow Saw
12:42 Gold Shaft Mining
16:01 Loom
17:08 Scale Mail Armor
17:40 Squires
18:59 Chain Mail Armor
24:59 Wheelbarrow
25:56 Heavy Plow
26:58 Hand Cart
32:32 Imperial Age
30:14 Fletching
30:25 Padded Archer Armor
30:08 Crossbowman
31:47 Thumb Ring
32:11 Bodkin Arrow
33:15 Bracer
33:38 Conscription
33:59 Leather Archer Armor
34:03 Arbalester
Viner
7:00 Feudal Age
10:50 Castle Age
8:47 Double-Bit Axe
9:53 Horse Collar
14:38 Wheelbarrow
14:53 Bow Saw
18:18 Stone Mining
18:19 Gold Mining
19:24 Heavy Plow
20:37 Hand Cart
20:08 Town Watch
21:54 Loom
22:56 Gold Shaft Mining
22:57 Stone Shaft Mining
26:11 Imperial Age
24:10 Fletching
24:21 Padded Archer Armor
25:03 Ballistics
24:56 Bodkin Arrow
25:12 Bloodlines
26:06 Leather Archer Armor
25:58 Thumb Ring
27:21 Bracer
28:23 Chemistry
27:50 Parthian Tactics
27:48 Conscription
27:59 Siege Engineers
28:52 Elite Mangudai
30:03 Siege Engineers
31:17 Husbandry
32:02 Drill
32:17 Capped Ram
33:30 Siege Ram
ouujkj
7:33 Feudal Age
11:29 Castle Age
10:17 Loom
10:24 Double-Bit Axe
10:31 Gold Mining
11:07 Horse Collar
12:29 Bow Saw
16:27 Fletching
19:10 Wheelbarrow
19:25 Stone Mining
21:41 Bodkin Arrow
23:04 Ballistics
27:43 Imperial Age
27:37 Padded Archer Armor
27:50 Masonry
28:35 Bracer
30:17 Chemistry
29:35 Elite Skirmisher
33:15 Leather Archer Armor
35:06 Two-Man Saw
没麦打尼玛CSGO(下等马户
7:29 Feudal Age
8:36 Horse Collar
8:44 Double-Bit Axe
11:11 Castle Age
8:55 Horse Collar
14:46 Wheelbarrow
18:13 Grand Trunk Road
24:30 Imperial Age
22:28 Loom
22:28 Town Watch
22:59 Hand Cart
22:55 Gold Mining
22:56 Town Watch
23:17 Scale Barding Armor
23:23 Forging
24:41 Bloodlines
24:32 Husbandry
25:06 Bow Saw
25:17 Heavy Camel Rider
26:37 Conscription
26:57 Gold Shaft Mining
27:24 Two-Man Saw
26:26 Heavy Plow
28:07 Hoardings
28:18 Chain Barding Armor
28:33 Iron Casting
27:33 Imperial Camel Rider
30:26 Coinage
29:54 Stone Mining
30:03 Siege Elephant
31:19 Siege Engineers
32:16 Chemistry
31:36 Ballistics
32:29 Plate Barding Armor
苏东坡的粉丝
7:37 Feudal Age
10:10 Double-Bit Axe
12:55 Castle Age
10:50 Horse Collar
18:21 Imperial Age
16:34 Bow Saw
16:47 Bow Saw
16:56 Loom
17:35 Gold Mining
18:03 Padded Archer Armor
19:00 Leather Archer Armor
20:07 Chemistry
ZHurald ZHurdrada
7:44 Feudal Age
12:14 Castle Age
10:02 Double-Bit Axe
10:08 Horse Collar
14:43 Heavy Plow
16:23 Bow Saw
17:14 Loom
24:46 Forging
25:42 Bloodlines
25:32 Husbandry
28:43 Wheelbarrow
29:25 Squires
29:10 Arson
30:02 Wheelbarrow
LuckyNr7
7:25 Feudal Age
11:23 Castle Age
9:27 Horse Collar
9:34 Double-Bit Axe
12:33 Bow Saw
15:00 Loom
15:49 Town Watch
19:07 Wheelbarrow
22:55 Imperial Age
20:27 Heavy Plow
21:02 Fletching
21:28 Gold Mining
21:30 Stone Mining
21:52 Bodkin Arrow
21:58 Padded Archer Armor
23:54 Bracer
24:49 Conscription
25:29 Ballistics
26:10 Chemistry
28:19 Elite Longbowman
33:51 Leather Archer Armor
Felinha
8:00 Feudal Age
11:32 Castle Age
9:55 Double-Bit Axe
9:52 Horse Collar
14:05 Bow Saw
15:47 Loom
17:32 Fervor
19:12 Wheelbarrow
21:57 Sanctity
21:27 Town Watch
25:43 Imperial Age
23:27 Heavy Plow
24:05 Squires
23:33 Pikeman
23:58 Arson
25:54 Chemistry
26:05 Scale Mail Armor
26:18 Forging
27:18 Chain Mail Armor
27:39 Iron Casting
28:24 Two-Man Saw
29:01 Caravan
29:41 Fortified Wall
29:43 Masonry
29:43 Siege Engineers
30:00 Ballistics
29:52 Fortified Wall
30:02 Elite Skirmisher
30:26 Halberdier
32:05 Wagenburg Tactics
33:45 Plate Mail Armor
33:16 Padded Archer Armor
33:08 Fletching
35:03 Hand Cart
Connection lost

Rejoining the realm…

Still unreachable

The connection could not be restored.

Session expired

The server has moved on; the page needs a fresh start.